 Seeded DCSS version 0.30-a0-881-g1ff12e1e11 (webtiles) character file.

Game seed: 5052877042660457288 (custom seed)

1758 bmack86 the Cleaver (level 8, -4/71 HPs)
             Began as a Minotaur Fighter on Mar 14, 2023.
             Was an Initiate of Okawaru.
             Slain by a gnoll
             ... wielding a +0 halberd
             ... led by a gnoll sergeant
              (5 damage)
             ... on level 7 of the Dungeon.
             The game lasted 00:13:05 (4345 turns).

bmack86 the Cleaver (Minotaur Fighter)              Turns: 4345, Time: 00:13:13

Health: -4/71      AC: 14    Str: 24    XL:     8   Next: 79%
Magic:  7/7        EV:  8    Int:  5    God:    Okawaru [......]
Gold:   247        SH:  5    Dex:  9    Spells: 7/7 levels left

rFire   . . .      SeeInvis .    a - +1 war axe
rCold   + . .      Faith    .    c - +0 buckler
rNeg    . . .      Spirit   .    x - +0 chain mail
rPois   .          Reflect  .    (helmet restricted)
rElec   .          Rampage  .    g - +0 cloak
rCorr   .                        n - +1 pair of gloves
Will    .....                    (no boots) Stlth
                                 A - amulet of regeneration
HPRegen 1.11/turn                G - ring of flight
MPRegen 0.10/turn                s - ring of protection from cold

@: flying
A: horns 2, retaliatory headbutt
a: Renounce Religion


You were on level 7 of the Dungeon.
You worshipped Okawaru.
Okawaru was noncommittal.
You visited 2 branches of the dungeon, and saw 8 of its levels.
You also visited: Sewer.

You collected 247 gold pieces.

Inventory:

Hand Weapons
 a - a +1 war axe (weapon)
Missiles
 k - 5 boomerangs
 r - 18 poisoned darts
 F - 3 javelins
 H - a throwing net
Armour
 b - a +0 scale mail
 c - a +0 buckler (worn)
 e - a +0 tower shield
 g - a +0 cloak (worn)
 n - a +1 pair of gloves (worn)
 x - a +0 chain mail (worn)
Jewellery
 h - a ring of wizardry
 s - a ring of protection from cold (right hand)
 A - an amulet of regeneration (around neck)
 G - a ring of flight (left hand)
Wands
 p - a wand of flame (18) (quivered)
 y - a wand of iceblast (13)
Scrolls
 f - 4 scrolls of blinking
 i - 4 scrolls of teleportation
 j - 3 scrolls of noise
 l - a scroll of immolation
 t - 2 scrolls of fear {unknown}
Potions
 d - 2 potions of might
 m - 2 potions of curing
 o - 4 potions of magic {unknown}
 q - a potion of heal wounds {unknown}
 u - a potion of flight {unknown}
 v - a potion of lignification {unknown}
 w - a potion of resistance {unknown}
 z - 2 potions of cancellation {unknown}
 B - 3 potions of haste
 C - a potion of mutation
 D - a potion of brilliance {unknown}
 E - a potion of invisibility {unknown}


   Skills:
 + Level 6.7 Fighting
 * Level 8.2 Axes
 + Level 4.0 Throwing
 + Level 6.6 Armour
 + Level 6.5 Shields
 + Level 1.2 Invocations


You had 7 spell levels left.
You didn't know any spells.
Your spell library contained the following spells:

 Spells                   Type           Power      Damage    Failure   Level
 Sandblast                Erth           0%         2d4       99%         1
 Passwall                 Tmut/Erth      0%         N/A       99%         2
 Sublimation of Blood     Necr           0%         N/A       99%         2
 Wereblood                Tmut           0%         N/A       99%         2
 Ozocubu's Armour         Ice            0%         N/A       100%        3
 Stone Arrow              Conj/Erth      0%         3d7       100%        3
 Orb of Destruction       Conj           0%         9d5       100%        7
 Ozocubu's Refrigeration  Ice            0%         4d7       100%        7
 Summon Guardian Golem    Hex/Summ       Unusable   N/A       N/A         3
 Spellforged Servitor     Conj/Summ      Unusable   N/A       N/A         7
 Summon Hydra             Summ           Unusable   N/A       N/A         7

Dungeon Overview and Level Annotations

Branches:
Dungeon (7/15)             Temple (1/1) D:6           Sewer (visited)

Altars:
Ashenzari
Dithmenos
Fedhas
Gozag
Hepliaklqana
Makhleb
Nemelex Xobeh
Okawaru
Qazlal
Ru
Trog
Uskayaw
Vehumet
Wu Jian
Xom
Zin
The Shining One


Innate Abilities, Weirdness & Mutations

You have a pair of horns on your head.
You reflexively headbutt those who attack you in melee.


Message History

The gnoll sergeant hits you from afar with a +0 spear!
The gnoll hits you from afar with a +0 spear.
The gnoll hits you but does no damage.
Unknown command.
H - a throwing net The gnoll sergeant hits you from afar with a +0 spear.
The gnoll hits you from afar with a +0 spear. x2
Unknown command.
You tear a large gash into the net.
The gnoll sergeant hits you from afar with a +0 spear.
The gnoll barely misses you.
The gnoll hits you from afar with a +0 spear.
* * * LOW HITPOINT WARNING * * *
Unknown command.
You rip the net and break free!
The gnoll sergeant hits you but does no damage.
The gnoll hits you but does no damage. x2
A gnoll comes into view. It is wielding a +0 whip.
The gnoll shouts!
The gnoll sergeant barely misses you. You furiously retaliate!
You headbutt the gnoll sergeant!
A gnoll comes into view. It is wielding a +0 club.
You block the gnoll's attack.
The gnoll sergeant hits you from afar with a +1 heavy spear.
The gnoll hits you but does no damage. The gnoll barely misses you.
The gnoll moves out of view.
The gnoll sergeant hits you with a +0 spear!
* * * LOW HITPOINT WARNING * * *
The gnoll hits you but does no damage. The gnoll hits you with a +0 spear.
* * * LOW HITPOINT WARNING * * *
The gnoll hits you with a +0 spear.
* * * LOW HITPOINT WARNING * * *
You completely miss the gnoll. You hit the gnoll sergeant.
You barely miss the gnoll.
The gnoll sergeant hits you with a +0 spear!
* * * LOW HITPOINT WARNING * * *
The gnoll barely misses you. You block the gnoll's attack.
The gnoll barely misses you.
The gnoll hits you from afar with a +0 halberd.
You die... ...... #.....## ...... ........ ...... ........ ..#...#........ ...gg...).... ggggg......

#g#g......
###.@g......
#).<).......
#...##........
#... #.#......
.... ..#......
##...
..>...... ##.
### ..... #.
.....


You could see 2 gnoll sergeants and 7 gnolls.

Vanquished Creatures
  A hornet (D:6)
  Menkaure (D:5)
  2 ogres
  3 black bears
  2 phantoms (D:5)
  A kobold brigand (Sewer)
  A bullfrog (D:6)
  2 scorpions
  4 hounds
  2 orc priests
  A jelly (D:7)
  3 iguanas
  2 orc wizards
  8 gnolls
  9 adders
  A worm (D:2)
  3 dart slugs
  15 orcs
  10 endoplasms
  4 goblins
  8 hobgoblins
  6 jackals
  4 quokkas
  4 ball pythons
  5 bats
  A frilled lizard (Sewer)
  13 kobolds
  7 rats
123 creatures vanquished.

Vanquished Creatures (others)
  A fungus (Sewer)
  3 plants (Sewer)
4 creatures vanquished.

Grand Total: 127 creatures vanquished

Notes
Turn   | Place    | Note
-------+----------+-------------------------------------------
     0 | D:1      | bmack86 the Minotaur Fighter began the quest for the Orb.
     0 | D:1      | Reached XP level 1. HP: 19/19 MP: 0/0
   326 | D:1      | Reached XP level 2. HP: 27/27 MP: 1/1
   336 | D:1      | You fall into a shaft and drop 1 floor!
   670 | D:2      | Reached skill level 3 in Axes
   734 | D:2      | Found a faded altar of an unknown god.
   744 | D:2      | Reached XP level 3. HP: 16/33 MP: 2/2
  1109 | D:3      | Found a burning altar of Makhleb.
  1229 | D:3      | Reached XP level 4. HP: 36/40 MP: 3/3
  1240 | D:3      | Reached skill level 4 in Axes
  1489 | D:3      | Found a stormy altar of Qazlal.
  1681 | D:4      | Reached XP level 5. HP: 47/47 MP: 4/4
  1685 | D:4      | Reached skill level 1 in Throwing
  1861 | D:4      | Reached XP level 6. HP: 36/53 MP: 5/5
  1997 | D:4      | Reached skill level 5 in Axes
  2121 | D:4      | Reached skill level 5 in Fighting
  2121 | D:4      | Reached skill level 5 in Armour
  2381 | D:4      | Reached skill level 5 in Shields
  2419 | D:4      | Found a bloodstained altar of Trog.
  2419 | D:4      | Found a shimmering altar of Xom.
  2420 | D:4      | Found a shimmering altar of Xom.
  2422 | D:4      | Found a shimmering altar of Xom.
  2429 | D:4      | Reached XP level 7. HP: 54/61 MP: 6/6
  2484 | D:4      | Found a shimmering altar of Xom.
  2485 | D:4      | Found a shimmering altar of Xom.
  2554 | D:4      | Reached skill level 6 in Axes
  2583 | D:5      | Entered Level 5 of the Dungeon
  2659 | D:5      | Found a glowing silver altar of Zin.
  2787 | D:5      | Noticed Menkaure
  2790 | D:5      | Killed Menkaure
  2966 | D:5      | Found an ornate altar of the Wu Jian Council.
  2986 | D:5      | Reached XP level 8. HP: 70/70 MP: 7/7
  3168 | D:5      | Found a blossoming altar of Fedhas.
  3248 | D:6      | Reached skill level 7 in Axes
  3311 | D:6      | Found a glowing drain.
  3320 | Sewer    | Entered a sewer
  3704 | D:6      | Found a staircase to the Ecumenical Temple.
  3720 | Temple   | Entered the Ecumenical Temple
  3764 | Temple   | Became a worshipper of Warmaster Okawaru
  3973 | D:6      | Identified the +4 short sword of Oozing Pus {drain, rN++
                  | Str-4}
  4185 | D:6      | Found a radiant altar of Vehumet.
  4255 | D:7      | Noticed a hornet
  4263 | D:6      | Paralysed by a hornet for 1 turns
  4269 | D:6      | Paralysed by a hornet for 3 turns
  4273 | D:6      | Killed a hornet
  4274 | D:6      | Reached skill level 8 in Axes
  4274 | D:6      | Reached skill level 1 in Invocations
  4345 | D:7      | HP: 1/71 [gnoll sergeant/+0 spear (8)]
  4345 | D:7      | Slain by a gnoll

Illustrated notes

Levels and vault maps discovered:
D:1:      scummos_arrival_simple_fountains, layout_rooms,
          palyth_stone_intersect, hangedman_decor_points
D:2:      layout_rooms, shapermc_ecumenical_altar_venn
D:3:      layout_rooms, nicolae_qazlal_general_emergency,
          mainiacjoe_overflow_boulevard, grunt_ministairs_5, item_on_display_a
D:4:      layout_basic, xom_redecorated, trog_ov_bears_minmay
D:5:      layout_basic, mainiacjoe_overflow_alcove_1, old_standard_altar,
          lemuel_round_altar, uniq_menkaure
D:6:      layout_rooms, lemuel_round_altar, minmay_temple_entry_slanted,
          portal_sewer_entry_d
D:7:      kennysheep_six_static_rooms, layout_rooms, kiku_gazebo_garden_becter,
          corexii_corridor_pit
Temple:   hellmonk_temple_beads

Skill      XL: |  1  2  3  4  5  6  7  8 |
---------------+-------------------------+-----
Axes           | 3 4 5 6 8 |  8.2
Shields        | 4 5 6 |  6.5
Armour         | 4 5 6 |  6.6
Fighting       | 4 5 6 |  6.7
Throwing       | 1 2 3 4 |  4.0
Invocations    | 1 |  1.2

Action                     |  1- 3 |  4- 6 |  7- 9 || total
---------------------------+-------+-------+-------++-------
  Melee: War axe           |    61 |    91 |   104 ||   256
         Headbutt          |    12 |    16 |    13 ||    41
  Throw: Boomerang         |       |     7 |       ||     7
  Evoke: Wand              |     2 |     7 |    13 ||    22
    Use: Potion            |       |     2 |     1 ||     3
         Scroll            |       |       |     9 ||     9
 Armour: Scale mail        |    52 |     6 |       ||    58
         Chain mail        |       |    62 |    81 ||   143
  Dodge: Dodged            |    29 |    51 |    41 ||   121
  Block: Buckler           |    17 |    27 |    29 ||    73

Table legend: (Time is in decaauts)
 A = Elapsed time spent in this place.
 B = Non-inter-level travel time spent in this place.
 C = Inter-level travel time spent in this place.
 D = Time resting spent in this place.
 E = Time spent auto-exploring this place.
 F = Levels seen in this place.
 G = Mean time per level.
                   A        B        C        D        E       F      G
               +--------+--------+--------+--------+--------+-----+--------+
         Total |   4444 |   4242 |    202 |     64 |   2340 |   9 |  493.8 |
       Dungeon |   3967 |   3836 |    131 |     64 |   2237 |   7 |  566.7 |
        Temple |    170 |     99 |     71 |      0 |     86 |   1 |  170.0 |
         Sewer |    306 |    306 |      0 |      0 |     17 |   1 |  306.0 |
               +--------+--------+--------+--------+--------+-----+--------+

Top non-repeatable levels by time:
     D:4: 906 daAuts
     D:6: 664 daAuts
     D:5: 663 daAuts
     D:3: 617 daAuts
     D:1: 580 daAuts
     D:2: 510 daAuts
   Sewer: 306 daAuts
  Temple: 170 daAuts
     D:7: 24 daAuts
